AoeStats
← _LY_抖音肥龙

Arabia

504492069Analyzed
1v1 RM · 26d ago on Sep 5, 2026· 37m 51s· 2 players
Game mode
Random Map
Map size
Tiny (2 player)
Population
200
Speed
Normal
Resources
Standard
Victory
Conquest
Starting age
Dark Age
Ending age
Imperial Age
RankedLock teamsTeams togetherTeam positionsShared explorationLock speedFull tech treeHidden civsTurbo modeCheats
Victory
Defeat
🇵🇱 Britons · Poland
2756
+19
🇭🇰 Mapuche · Hong Kong SAR China
2826
-19
_Barles_
6:44 Loom
12:05 Feudal Age
17:15 Castle Age
15:31 Double-Bit Axe
16:03 Fletching
16:39 Horse Collar
17:51 Bodkin Arrow
17:24 Crossbowman
24:12 Wheelbarrow
23:50 Bow Saw
23:53 Town Watch
25:07 Gold Mining
27:51 Gold Shaft Mining
27:41 Hand Cart
29:41 Ballistics
33:13 Imperial Age
31:36 Stone Mining
32:00 Heavy Plow
32:10 Masonry
33:43 Padded Archer Armor
34:23 Bracer
35:28 Chemistry
33:51 Arbalester
36:00 Conscription
36:30 Leather Archer Armor
38:19 Two-Man Saw
38:08 Ring Archer Armor
38:08 Yeomen
_LY_抖音肥龙
6:46 Loom
9:03 Feudal Age
9:48 Double-Bit Axe
9:44 Horse Collar
18:36 Castle Age
17:21 Fletching
18:38 Padded Archer Armor
18:46 Elite Skirmisher
19:21 Bodkin Arrow
21:37 Bow Saw
25:18 Wheelbarrow
25:18 Stone Mining
27:04 Leather Archer Armor
28:19 Ballistics
28:26 Treadmill Crane
31:02 Hand Cart
31:49 Forging
31:54 Gold Mining
35:12 Iron Casting
40:38 Imperial Age
Connection lost

Rejoining the realm…

Still unreachable

The connection could not be restored.

Session expired

The server has moved on; the page needs a fresh start.